 Dungeon Crawl Stone Soup version 0.31-a0-1388-g4b2ba238e7 (webtiles) character file.

Game seed: 16657179140655835826

102764 Laraso the Severer (level 16, 0/151 HPs)
             Began as a Hill Orc Cinder Acolyte on Dec 25, 2023.
             Was a Believer of Ignis.
             Killed by divine providence
             ... invoked by an orc priest
              (12 damage)
             ... on level 2 of the Orcish Mines.
             The game lasted 00:43:05 (26620 turns).

Laraso the Severer (Hill Orc Cinder Acolyte)       Turns: 26620, Time: 00:43:05

Health: 0/151      AC: 42    Str: 25    XL:     16   Next: 34%
Magic:  22/22      EV: 14    Int: 21    God:    Ignis [**....]
Gold:   1126       SH:  0    Dex: 12    Spells: 6/23 levels left

rFire   + + .        b - +5 war axe of Pride {speed, rPois rF- rN+ Dex+3}
rCold   . . .        (no shield)
rNeg    + . .        p - +10 chain mail of Beloved Joy {rF++ Int+7}
rPois   +            M - +2 hat
rElec   .            N - +2 cloak
rCorr   .            E - +2 pair of gloves {Dex+3}
SInv    .            v - +0 pair of boots
Will    ++...        (no amulet) Stlth
                     O - ring of willpower
HPRegen 0.45/turn    A - +5 ring of evasion
MPRegen 0.18/turn

%: no passive effects
@: fiery-armoured, hasted, studying Throwing, very quick
A: no potion heal 1, subdued magic 1
a: Renounce Religion, Convert to Beogh, Fiery Armour, Foxfire Swarm, Rising
Flame


You were on level 2 of the Orcish Mines.
You worshipped Ignis.
Ignis was pleased with you.
You visited 3 branches of the dungeon, and saw 22 of its levels.
You also visited: Volcano.

You collected 2026 gold pieces.
You spent 900 gold pieces at shops.

Inventory:

Hand Weapons
 a - the +10 battleaxe of Qazlal {heavy, Str+3}
   (You bought it in a shop on level 1 of the Dungeon)

   Str+3:     It affects your strength (+3).
 b - the +5 war axe of Pride (weapon) {speed, rPois rF- rN+ Dex+3}
   (You found it on level 5 of the Lair of Beasts)

   Dex+3:     It affects your dexterity (+3).
   rF-:       It makes you vulnerable to fire.
   rPois:     It protects you from poison rN+: It protects you from negative
   energy.
 c - a +2 eveningstar of pain
 S - a +1 executioner's axe
Missiles
 H - 4 throwing nets
Armour
 p - the +10 chain mail of Beloved Joy (worn) {rF++ Int+7}
   (You found it on level 4 of the Dungeon)

   Int+7:     It affects your intelligence (+7).
   rF++:      It greatly protects you from fire.
 v - a +0 pair of boots (worn)
 E - a +2 pair of gloves of dexterity (worn)
 M - a +2 hat (worn)
 N - a +2 cloak (worn)
Jewellery
 d - a ring of resist corrosion
 u - a ring of wizardry
 A - a +5 ring of evasion (right hand)
 O - a ring of willpower (left hand)
 Q - a ring of protection from cold
Wands
 f - a wand of light (10)
 i - a wand of polymorph (5)
 n - a wand of iceblast (18)
 y - a wand of mindburst (14)
 z - a wand of charming (22)
 K - a wand of digging (13)
 L - a wand of flame (16)
Scrolls
 g - 3 scrolls of poison
 h - 5 scrolls of teleportation
 k - 3 scrolls of identify
 l - 3 scrolls of enchant armour
 x - 3 scrolls of immolation
 D - 4 scrolls of fear
 P - 3 scrolls of fog
 R - a scroll of amnesia
Potions
 e - 4 potions of invisibility
 j - 4 potions of berserk rage
 o - 7 potions of curing
 q - 3 potions of might
 r - 2 potions of cancellation
 s - 4 potions of haste
 t - 2 potions of enlightenment
 w - 2 potions of brilliance
 F - a potion of magic
 G - a potion of mutation
 J - 2 potions of resistance
 T - a potion of ambrosia
Miscellaneous
 m - a phial of floods
 C - a tin of tremorstones (1/2)


   Skills:
 - Level 16.0 Fighting
 - Level 20.0 Axes
 - Level 16.1 Armour
 - Level 4.0 Spellcasting
 * Level 2.9 Hexes
 - Level 10.0 Necromancy
 - Level 3.2 Fire Magic
 - Level 5.0 Air Magic
 - Level 7.0 Evocations


You had 6 spell levels left.
You knew the following spells:

 Your Spells              Type           Power      Damage    Failure   Level
a - Fugue of the Fallen   Necr           35%        N/A       1%          3
b - Animate Armour        Summ/Erth      6%         N/A       98%         4
d - Vampiric Draining     Necr           35%        2d8       1%          3
e - Anguish               Hex/Necr       12%        N/A       22%         4
s - Swiftness             Air            19%        N/A       12%         3

Your spell library contained the following spells:

 Spells                   Type           Power      Damage    Failure   Level
 Dispel Undead            Necr           35%        3d15      4%          4
 Cigotuvi's Dreadful Rot  Necr/Alch/Air  38%        N/A       6%          2
 Slow                     Hex            48%        N/A       10%         1
 Shock                    Conj/Air       44%        1d5       12%         1
 Scorch                   Fire           26%        2d6       13%         2
 Static Discharge         Conj/Air       22%        3-4/arc   17%         2
 Ensorcelled Hibernation  Hex/Ice        16%        N/A       28%         2
 Confusing Touch          Hex            12%        N/A       30%         3
 Sigil of Binding         Hex            12%        N/A       30%         3
 Magic Dart               Conj           12%        1d3       32%         1
 Airstrike                Air            9%         2d(2-18)  38%         4
 Searing Ray              Conj           6%         2d4       45%         2
 Volatile Blastmotes      Fire/Tloc      16%        2d11      47%         3
 Death Channel            Necr           17%        N/A       63%         6
 Call Canine Familiar     Summ           3%         N/A       71%         3
 Ozocubu's Armour         Ice            3%         N/A       71%         3
 Cause Fear               Hex            6%         N/A       71%         4
 Summon Lightning Spire   Summ/Air       11%        N/A       77%         4
 Vhi's Electric Charge    Tloc/Air       22%        N/A       77%         4
 Flame Wave               Conj/Fire      8%         2d5       87%         4
 Dimensional Bullseye     Hex/Tloc       4%         N/A       89%         4
 Fulminant Prism          Conj/Alch      1%         3d5       98%         4
 Iskenderun's Mystic Bla  Conj/Tloc      3%         2d3       98%         4
 Arcjolt                  Conj/Air       5%         1d15      98%         5
 Fireball                 Conj/Fire      4%         3d4       99%         5
 Metabolic Englaciation   Hex/Ice        4%         N/A       99%         5
 Lee's Rapid Deconstruct  Erth           1%         3d4*      100%        5
 Plasma Beam              Fire/Air       8%         2x1d18    100%        6
 Simulacrum               Ice/Necr       9%         N/A       100%        6
 Summon Cactus Giant      Summ           1%         N/A       100%        6
 Dragon's Call            Summ           1%         N/A       100%        9


Dungeon Overview and Level Annotations

Branches:
Dungeon (15/15)            Temple (0/1) D:7            Lair (5/5) D:9
 Shoals (0/4) Lair:3       Spider (0/4) Lair:2        Slime (0/5) Lair:5
    Orc (2/2) D:12         Vaults (0/5) D:13         Depths (0/4) D:15
Volcano (visited)
    Elf: Orc:2

Altars:
Fedhas
Gozag
Hepliaklqana
Makhleb
Nemelex Xobeh
Okawaru
Sif Muna
Trog
Xom
Yredelemnul
The Shining One
Jiyva

Shops:
D:1 (   D:7 !*=*

Portals:
Hell: Lair:5

Annotations:
D:6 Jeremiah
D:10 1 transporter


Innate Abilities, Weirdness & Mutations

Potions are less effective at restoring your health.
Your spells are a little easier to cast, but a little less powerful.


Message History

Items here: )))) [[ †.
The orc priest shouts!
The orc high priest shouts!
You slash the neqoxec!
You kill the neqoxec!
The neqoxec disappears in a puff of smoke!
You hit the orange demon.
The orc priest invokes the aid of Beogh against you.
Beogh smites you!
* * * LOW HITPOINT WARNING * * *
The orc high priest mumbles some strange prayers to Beogh against you.
Beogh smites you!
* * * LOW HITPOINT WARNING * * *
The orc warrior barely misses you.
Okay, then.
Your system partially rejects the healing.
You feel much better.
The orange demon stings you but does no damage.
The orange demon is burned by your cloak of flames.
The orange demon is lightly wounded.
The orange demon hits you but does no damage.
The orange demon is burned by your cloak of flames.
The orange demon is moderately wounded.
The orc high priest prays.
The orc high priest completely misses you.
The orc warrior hits you but does no damage.
The orc priest invokes the aid of Beogh against you.
Beogh smites you!
* * * LOW HITPOINT WARNING * * *
The orc warrior misses you.
You feel yourself speed up. The orange demon misses you.
The orange demon hits you but does no damage.
The orange demon is burned by your cloak of flames.
The orange demon is moderately wounded.
The orc high priest calls down the wrath of Beogh upon you.
Beogh smites you!
* * * LOW HITPOINT WARNING * * *
The orc warrior hits you but does no damage.
The orc priest invokes the aid of Beogh against you.
Beogh smites you!
You die...

## ####### ...##
###.....### .....##
###.........# ......##
##............
.....###.............
#o#.#.#.#)#)#.#.#.#.#.#.
.....o.@).).............
...o.o4.#.#)..)....).).)
......o....).)........))
#.#.#.#.#.#.#.#.#.#.#.#.
........###.............
.......## ##............
.....## ###.........#
..## ###.....### #######


You could see 2 orc high priests, an orange demon (summoned), 2 orc warriors and
an orc priest.

Vanquished Creatures
  Rupert (Orc:2)
  Kirke (Lair:5)
  A balrug (Orc:1)
  2 dire elephants (Lair:5)
  An ettin (D:15)
  Josephine (D:10)
  5 vault guards (D:13)
  A hydra (Lair:3)
  A catoblepas (Lair:4)
  Erica (D:8)
  5 centaur warriors
  3 boulder beetles
  6 two-headed ogres
  A hell hog (Volcano)
  2 tengu warriors
  4 orc high priests
  An occultist (Lair:5)
  Sonja (Lair:3)
  2 skysharks (Lair:5)
  10 skeletal warriors
  A fire crab (Volcano)
  A sixfirhy (Lair:5)
  A deep troll (D:15)
  Pikel (D:4)
  2 necromancers (D:15)
  A deep elf archer (D:13)
  10 orc knights
  An obsidian statue (Volcano)
  4 deep elf pyromancers
  2 orc sorcerers
  9 ugly things
  A wolf spider (D:15)
  6 cyclopes
  4 manticores
  5 black mambas
  10 elephants (Lair:5)
  2 kobold blastminers (Orc:2)
  A torpor snail (Lair:5)
  A smoke demon (Lair:5)
  11 cane toads
  4 gargoyles
  2 efreet
  An unseen horror (D:13)
  4 komodo dragons
  6 tengu conjurers
  A yaktaur (D:13)
  A rime drake (Lair:4)
  4 ice devils (Lair:5)
  A red devil (Lair:5)
  5 trolls
  4 merfolk (Lair:3)
  A hornet (D:10)
  3 polar bears
  Grinder (D:3)
  23 blink frogs
  11 slime creatures (D:12)
  Sigmund (D:2)
  3 shadows
  2 vampires
  3 wyverns
  2 hogs (Lair:5)
  3 humans (D:13)
  54 yaks
  7 fire bats (Volcano)
  5 steam dragons
  5 wraiths
  5 wargs
  4 basilisks
  7 vampire mosquitoes
  Menkaure (D:4)
  2 acid dragons
  26 water moccasins
  6 hell hounds
  An ice beast (D:7)
  39 orc warriors
  3 black bears
  35 wolves
  2 centaurs
  5 ogres
  A weeping skull (D:15)
  3 kobold brigands
  9 bullfrogs
  Blork the orc (D:6)
  A scorpion (Lair:2)
  8 wights
  17 killer bees
  A howler monkey (D:9)
  5 lava snakes (Volcano)
  2 jellies
  5 hounds
  Crazy Yiuf (D:4)
  34 orc priests
  A sleepcap (D:7)
  9 iguanas
  Natasha (D:2)
  22 orc wizards
  7 hell rats (Lair:4)
  A centaur simulacrum (D:9)
  Robin (D:3)
  A gnoll (D:1)
  6 adders
  A shadow imp (D:5)
  2 white imps
  4 ufetubi
  2 dart slugs (D:1)
  85 orcs
  2 ball pythons (D:1)
  2 bats (D:3)
  7 endoplasms
  4 giant cockroaches
  8 hobgoblins
  10 jackals
  2 quokkas
  5 frilled lizards
  13 goblins
  16 kobolds
  4 rats
  A spectral orc (D:15)
  A butterfly (Lair:4)
723 creatures vanquished.

Vanquished Creatures (others)
  A rime drake (Lair:5)
  A human (Lair:5)
  An orc (Orc:2)
  28 foxfires (D:3)
31 creatures vanquished.

Grand Total: 754 creatures vanquished

Notes
Turn   | Place    | Note
-------+----------+-------------------------------------------
     0 | D:1      | Laraso the Hill Orc Cinder Acolyte began the quest for the
                  | Orb.
     0 | D:1      | Reached XP level 1. HP: 19/19 MP: 2/2
   124 | D:1      | Reached XP level 2. HP: 26/26 MP: 3/3
   180 | D:1      | Reached skill level 5 in Axes
   394 | D:1      | Reached XP level 3. HP: 23/31 MP: 4/4
   436 | D:1      | Found Daid Zeo's Weapon Boutique.
  1210 | D:2      | Noticed Sigmund
  1388 | D:3      | Reached skill level 6 in Axes
  1429 | D:3      | Reached XP level 4. HP: 39/39 MP: 5/5
  1434 | D:3      | Noticed Robin
  1439 | D:3      | Noticed Grinder
  1461 | D:3      | Killed Robin
  1467 | D:3      | Killed Grinder
  1468 | D:3      | Reached skill level 9 in Axes
  1468 | D:3      | Reached XP level 5. HP: 8/45 MP: 6/6
  1468 | D:3      | Reached XP level 6. HP: 9/51 MP: 7/7
  1927 | D:3      | Found an iron altar of Okawaru.
  2412 | D:4      | Noticed Menkaure
  2432 | D:4      | Killed Menkaure
  2433 | D:4      | Reached skill level 10 in Axes
  2433 | D:4      | Reached XP level 7. HP: 12/57 MP: 8/8
  2723 | D:4      | Identified the +10 chain mail of Beloved Joy {rF++ Int+7}
  3013 | D:4      | Noticed Pikel
  3051 | D:4      | Killed Pikel
  3052 | D:4      | Reached skill level 12 in Axes
  3052 | D:4      | Reached XP level 8. HP: 52/64 MP: 9/9
  3177 | D:4      | Reached skill level 13 in Axes
  3354 | D:4      | Found a runed translucent door.
  3355 | D:4      | Noticed Crazy Yiuf
  3365 | D:4      | Killed Crazy Yiuf
  3443 | D:5      | Entered Level 5 of the Dungeon
  3740 | D:5      | Reached skill level 14 in Axes
  3886 | D:5      | Found a blossoming altar of Fedhas.
  4166 | D:6      | Noticed Jeremiah
  4359 | D:6      | Noticed a troll
  4376 | D:6      | Killed a troll
  4377 | D:6      | Reached skill level 15 in Axes
  4377 | D:6      | Reached XP level 9. HP: 55/70 MP: 10/10
  4839 | D:6      | Found a glowing golden altar of the Shining One.
  4846 | D:6      | Found a shimmering blue altar of Sif Muna.
  4846 | D:6      | Found a sparkling altar of Nemelex Xobeh.
  4847 | D:6      | Found a hazy altar of Hepliaklqana.
  4878 | D:6      | Found a shimmering altar of Xom.
  4984 | D:6      | Noticed Blork the orc
  4995 | D:6      | Killed Blork the orc
  5293 | D:7      | Reached skill level 16 in Axes
  5470 | D:7      | Found Toobolocuz's Assorted Antiques.
  5472 | D:7      | Found Fimioz's Assorted Antiques.
  5473 | D:7      | Found Asuq's Jewellery Shop.
  5474 | D:7      | Found Petisof's Distillery.
  6344 | D:7      | Reached skill level 1 in Armour
  6577 | D:7      | Found a burning altar of Makhleb.
  6721 | D:7      | Found a staircase to the Ecumenical Temple.
  6757 | D:7      | Reached skill level 5 in Fighting
  7042 | D:8      | Noticed Erica
  7056 | D:8      | Killed Erica
  7057 | D:8      | Reached skill level 5 in Armour
  7057 | D:8      | Reached XP level 10. HP: 54/84 MP: 11/11
  7593 | D:8      | Noticed a two-headed ogre
  7606 | D:8      | Killed a two-headed ogre
  8091 | D:9      | Noticed a two-headed ogre
  8109 | D:9      | Killed a two-headed ogre
  8248 | D:9      | Found a staircase to the Lair.
  8263 | D:9      | Noticed a manticore
  8263 | D:9      | Noticed a deep elf pyromancer
  8263 | D:9      | Noticed a centaur warrior
  8296 | D:8      | Killed a deep elf pyromancer
  8297 | D:8      | Reached XP level 11. HP: 48/99 MP: 12/12
  8457 | D:9      | Killed a centaur warrior
  8458 | D:9      | Reached skill level 10 in Fighting
  8468 | D:9      | Killed a manticore
  8570 | D:9      | Found an iron altar of Okawaru.
  8571 | D:9      | Found a bloodstained altar of Trog.
  8573 | D:9      | Found a basalt altar of Yredelemnul.
  8573 | D:9      | Found an opulent altar of Gozag.
  9125 | D:9      | Identified the +3 chain mail of the Demonic Hot Ocelot
                  | {Dex+5}
  9130 | D:9      | Learned a level 3 spell: Fugue of the Fallen
  9135 | D:9      | Identified the staff of the Squeaky God {rPois Str+3 Earth}
  9223 | D:9      | Reached skill level 10 in Armour
  9674 | D:10     | Entered Level 10 of the Dungeon
  9696 | D:10     | Noticed a two-headed ogre
  9713 | D:10     | Killed a two-headed ogre
 10164 | D:10     | Noticed Josephine
 10177 | D:10     | Killed Josephine
 10178 | D:10     | Reached skill level 17 in Axes
 10182 | D:10     | Reached XP level 12. HP: 79/106 MP: 13/13
 10186 | D:10     | Identified the ring "Aggebe Fatosk" {Ice *Corrode Str+7}
 10271 | D:10     | Found a transporter.
 10989 | D:11     | Reached skill level 18 in Axes
 11029 | D:11     | Noticed a centaur warrior
 11044 | D:11     | Killed a centaur warrior
 11505 | D:11     | Noticed a boulder beetle
 11528 | D:11     | Killed a boulder beetle
 11804 | D:11     | Noticed a two-headed ogre
 11818 | D:11     | Killed a two-headed ogre
 11819 | D:11     | Reached skill level 19 in Axes
 12093 | D:11     | You fall into a shaft and drop 3 floors!
 12112 | D:14     | Noticed a centaur warrior
 12217 | D:14     | Noticed a two-headed ogre
 12231 | D:14     | Killed a two-headed ogre
 12368 | D:14     | Noticed a tengu warrior
 12380 | D:14     | Killed a tengu warrior
 12430 | D:13     | Reached skill level 20 in Axes
 12476 | D:12     | Noticed a boulder beetle
 12583 | D:11     | Reached skill level 1 in Evocations
 13385 | D:12     | Killed a boulder beetle
 13444 | D:12     | Found a staircase to the Orcish Mines.
 13472 | D:12     | Reached XP level 13. HP: 116/116 MP: 14/14
 13522 | Orc:1    | Entered Level 1 of the Orcish Mines
 14063 | Orc:1    | Reached skill level 5 in Evocations
 14284 | Orc:1    | Found a runed translucent door.
 14287 | Orc:1    | Noticed a balrug
 14619 | D:2      | Killed Sigmund
 14916 | D:2      | Noticed Natasha
 14918 | D:2      | Killed Natasha
 15425 | D:1      | Bought the +10 battleaxe of Qazlal {heavy, Str+3} for 900
                  | gold pieces
 15544 | Lair:1   | Entered Level 1 of the Lair of Beasts
 16133 | Lair:1   | Learned a level 3 spell: Vampiric Draining
 16486 | Lair:2   | You fall into a shaft and drop 2 floors!
 16582 | Lair:3   | Noticed Sonja
 16591 | Lair:3   | Killed Sonja
 16804 | Lair:3   | Found a dark tunnel.
 16810 | Volcano  | Entered a volcano
 16937 | Volcano  | Found a bloodstained altar of Trog.
 17598 | Lair:2   | Reached skill level 15 in Fighting
 17700 | Lair:2   | Reached XP level 14. HP: 126/135 MP: 15/15
 17841 | Lair:2   | Found a hole to the Spider Nest.
 18808 | Lair:3   | Found a staircase to the Shoals.
 19662 | Lair:4   | Identified the +2 leather armour "Vidgh" {Str+6}
 20157 | Lair:5   | Entered Level 5 of the Lair of Beasts
 20379 | Lair:5   | Reached skill level 15 in Armour
 20513 | Lair:5   | Found a viscous altar of Jiyva.
 20513 | Lair:5   | Found a staircase to the Slime Pits.
 20683 | Lair:5   | Noticed a dire elephant
 20692 | Lair:5   | Killed a dire elephant
 20794 | Lair:5   | Noticed Kirke
 20808 | Lair:5   | Killed Kirke
 20820 | Lair:5   | Reached skill level 1 in Necromancy
 21003 | Lair:5   | Noticed a dire elephant
 21010 | Lair:5   | Reached XP level 15. HP: 143/144 MP: 16/16
 21061 | Lair:5   | Found a burning altar of Makhleb.
 21242 | Lair:5   | Found a gateway to Hell.
 21249 | Lair:5   | Identified the +5 war axe of Pride {speed, rPois rF- rN+
                  | Dex+3}
 21404 | Lair:5   | Found a burning altar of Makhleb.
 22066 | D:12     | Reached skill level 5 in Necromancy
 22526 | D:13     | Found the +2 Maxwell's thermic engine {flame, freeze, rev}
 23230 | D:13     | Found a gate to the Vaults.
 23432 | D:13     | Learned a level 3 spell: Swiftness
 23437 | D:13     | Learned a level 4 spell: Animate Armour
 24134 | D:15     | Entered Level 15 of the Dungeon
 24326 | D:15     | Found a basalt altar of Yredelemnul.
 24914 | D:15     | Learned a level 4 spell: Anguish
 25099 | D:15     | Found a staircase to the Depths.
 25123 | D:15     | Reached skill level 10 in Necromancy
 25123 | D:15     | Reached XP level 16. HP: 140/151 MP: 20/22
 25303 | D:15     | Reached skill level 1 in Air Magic
 25950 | Orc:2    | Entered Level 2 of the Orcish Mines
 26557 | Orc:2    | Reached skill level 5 in Air Magic
 26577 | Orc:2    | Reached skill level 1 in Hexes
 26578 | Orc:2    | Noticed Rupert
 26589 | Orc:2    | Killed Rupert
 26609 | Orc:2    | Gained mutation: Potions are less effective at restoring
                  | your health. [a neqoxec]
 26615 | Orc:2    | Gained mutation: Your spells are a little easier to cast,
                  | but a little less powerful. [a neqoxec]
 26620 | Orc:2    | Killed from afar by an orc priest

Illustrated notes

Levels and vault maps discovered:
D:1:      matt_arrival_refuge, layout_loops_cross, serial_shops, shop,
          amethyst_killhole
D:2:      layout_basic, uniq_natasha, uniq_sigmund
D:3:      layout_basic, general_overflow_altar, minmay_vboxes, uniq_grinder,
          uniq_robin
D:4:      layout_loops_cross, uniq_menkaure, uniq_pikel, uniq_crazy_yiuf_cottage
D:5:      layout_cave_pools, lemuel_crystal_altar
D:6:      layout_loops_ring, minitemple, uniq_jeremiah, uniq_blork_the_orc
D:7:      layout_loops_corners, makhleb_blood_cavern_becter,
          minmay_temple_entry_enclosed_plants, minmay_shop_grid_forest
D:8:      layout_basic, hangedman_abyss_or_decor_stabs, uniq_erica
D:9:      minmay_the_grid_octo_triangle [minmay_the_grid_octo_concentric,
          minmay_the_grid_octo_prize_square_snowflake,
          minmay_the_grid_octo_shrine], layout_basic, erik_lair_orcish_takeover,
          enter_bailey_3, hangedman_abyss_or_decor_lesser_grid
D:10:     layout_rooms, nicolae_diode_basic, uniq_josephine
D:11:     layout_loops_corners, portal_ice_cave_entry_pillars_2
D:12:     layout_gridville, orc_david_3
D:13:     layout_irregular_city, grunt_vaults_entry_fortified
D:14:     layout_roguey, chequers_serial_rivers_small_b
D:15:     hangedman_depths_entry_civil_slaughter, layout_stronghold,
          minmay_misc_feat_five, gauntlet_entry_generic,
          yredelemnul_forgotten_temple_becter
Lair:1:   layout_gridlike, lemuel_fruit_tree
Lair:2:   layout_roguey, dummy_spider_entry
Lair:3:   layout_regular_city, elwin_shoals_entry_stream,
          nicolae_volcano_entry_s_turn, grunt_megastairs_1, uniq_sonja
Lair:4:   layout_long_grid, infiniplex_staircase_pool_2, lemuel_fruit_fields,
          grunt_megastairs_4, serial_bayou_shore_b
Lair:5:   evil_forest, layout_regular_city, slime_entry_1, basic_altar,
          serial_forest, infiniplex_forest_clump_medium,
          infiniplex_forest_straight_3, infiniplex_forest_join,
          infiniplex_forest_clump_diagonal, infiniplex_forest_corner_1,
          infiniplex_forest_diagonal, infiniplex_forest_clump_long, uniq_kirke
Orc:1:    dreamdust_dug_too_deep, layout_diamond_mine, uniq_fannar
Orc:2:    st_orc_pillars, layout_caves, serial_shops,
          nicolae_book_shop_shelving, nicolae_shop_overcharged_wands,
          uniq_rupert

Skill      XL: |  1  2  3  4  5  6  7  8  9 10 11 12 13 14 15 16 |
---------------+-------------------------------------------------+-----
Axes           | 5 6 9 10 12 15 16 17 20 | 20.0
Fighting       | 6 9 10 11 15 16 | 16.0
Armour         | 5 8 12 16 | 16.1
Evocations     | 3 7 |  7.0
Necromancy     | 1 10 | 10.0
Spellcasting   | 4 |  4.0
Air Magic      | 5 |  5.0
Hexes          | 2 |  2.9
Fire Magic     | |  3.2

Action                     |  1- 3 |  4- 6 |  7- 9 | 10-12 | 13-15 | 16-18 || total
---------------------------+-------+-------+-------+-------+-------+-------++-------
  Melee: Hand axe          |    92 |   107 |   332 |       |       |       ||   531
         Unarmed           |       |     7 |       |       |       |       ||     7
         Punch             |       |       |     6 |     8 |       |     1 ||    15
         War axe           |       |       |    96 |   664 |       |    43 ||   803
         Battleaxe         |       |       |       |    97 |   758 |    93 ||   948
   Cast: Fugue of the Fall |       |       |       |       |     4 |     6 ||    10
         Vampiric Draining |       |       |       |       |       |     5 ||     5
 Invoke: Foxfire Swarm     |       |     3 |       |       |       |       ||     3
         Fiery Armour      |       |     1 |     1 |     1 |     1 |     1 ||     5
  Evoke: Wand              |       |       |     2 |     3 |       |       ||     5
         Tin of tremorston |       |       |       |     1 |     2 |       ||     3
    Use: Potion            |       |     2 |       |     2 |       |     2 ||     6
         Scroll            |       |     8 |     5 |     4 |    10 |     1 ||    28
   Stab: Invisible         |       |       |     4 |     2 |       |       ||     6
         Petrifying        |       |       |       |       |     1 |       ||     1
 Armour: Robe              |    21 |       |       |       |       |       ||    21
         Chain mail        |    32 |    74 |   294 |   493 |   678 |   130 ||  1701
         Skin              |       |     8 |       |       |       |       ||     8
  Dodge: Dodged            |    48 |    38 |   126 |   349 |   541 |   119 ||  1221

Table legend: (Time is in decaauts)
 A = Elapsed time spent in this place.
 B = Non-inter-level travel time spent in this place.
 C = Inter-level travel time spent in this place.
 D = Time resting spent in this place.
 E = Time spent auto-exploring this place.
 F = Levels seen in this place.
 G = Mean time per level.
                   A        B        C        D        E       F      G
               +--------+--------+--------+--------+--------+-----+--------+
         Total |  26289 |  24385 |   1904 |   4074 |  15082 |  23 | 1143.0 |
       Dungeon |  18632 |  17189 |   1443 |   2904 |  10691 |  15 | 1242.1 |
          Lair |   5844 |   5503 |    341 |    549 |   3923 |   5 | 1168.8 |
  Orcish Mines |   1483 |   1364 |    119 |    621 |    381 |   2 |  741.5 |
       Volcano |    329 |    329 |      0 |      0 |     86 |   1 |  329.0 |
               +--------+--------+--------+--------+--------+-----+--------+

Top non-repeatable levels by time:
    D:11: 1949 daAuts
     D:9: 1725 daAuts
     D:7: 1499 daAuts
  Lair:3: 1493 daAuts
  Lair:5: 1489 daAuts
    D:15: 1441 daAuts
    D:10: 1266 daAuts
   Orc:1: 1256 daAuts
    D:12: 1243 daAuts
    D:13: 1208 daAuts
     D:4: 1188 daAuts
     D:8: 1158 daAuts
     D:3: 1063 daAuts
     D:2: 1052 daAuts
     D:6: 1035 daAuts
